 Dungeon Crawl Stone Soup version 0.28.0 (webtiles) character file.

Game seed: 15085558298572434789

163 horus123 the Sneak (level 5, -12/42 HPs)
             Began as a Naga Venom Mage on Feb 9, 2022.
             Killed from afar by Ijyb (15 damage)
             ... with an iceblast
             ... on level 3 of the Dungeon.
             The game lasted 00:07:15 (2868 turns).

horus123 the Sneak (Naga Venom Mage)                Turns: 2868, Time: 00:07:16

Health: -12/42     AC:  2    Str: 10    XL:     5   Next: 44%
Magic:  9/9        EV:  9    Int: 18    God:
Gold:   85         SH:  0    Dex: 11    Spells: 7/10 levels left

rFire   . . .      SeeInvis +   e - +1 dagger (venom)
rCold   . . .      Faith    +   (no shield)
rNeg    . . .      Spirit   .   a - +0 robe
rPois   +          Reflect  .   (no helmet)
rElec   +          Harm     .   (no cloak)
rCorr   .          Rampage  .   (no gloves)
Will    +....                   (no barding)
Stlth   ++++......              g - amulet of Divine Intervention {Faith Fly rElec Will+ Stlth+}
HPRegen 0.14/turn               (no ring)
MPRegen 0.11/turn               (no ring)

@: flying, very slow
A: AC +1, large, see invisible, deformed body, poison resistance, slowness 2,
spit poison 1, naga tail 1
a: Spit Poison


You were on level 3 of the Dungeon.
You visited 1 branch of the dungeon, and saw 3 of its levels.

You collected 85 gold pieces.

Inventory:

Hand Weapons
 e - a +1 dagger of venom (weapon)
Armour
 a - a +0 robe (worn)
Jewellery
 g - the amulet of Divine Intervention (around neck) {Faith Fly rElec Will+ Stlth+}
   (You found it on level 2 of the Dungeon)

   [amulet of faith]

   It allows you to gain divine favour quickly.
   rElec:     It insulates you from electricity.
   Fly:       It grants you flight.
   Will:      It increases your willpower.
   Stlth:     It makes you more stealthy.
Scrolls
 b - a scroll of acquirement {unknown}
 c - 2 scrolls of brand weapon
 i - a scroll of amnesia {unknown}
Potions
 d - 2 potions of degeneration {unknown}
 f - a potion of flight {unknown}
 h - a potion of heal wounds {unknown}


   Skills:
 - Level 1.5 Dodging
 + Level 6.7 Stealth
 - Level 3.0 Spellcasting
 - Level 1.0 Transmutations
 - Level 5.0 Poison Magic


You had 7 spell levels left.
You knew the following spells:

 Your Spells              Type           Power      Damage    Failure   Level
a - Sting                 Tmut/Pois      52%        1d5       4%          1
b - Poisonous Vapours     Pois/Air       22%        N/A       9%          2

Your spell library contained the following spells:

 Spells                   Type           Power      Damage    Failure   Level
 Olgreb's Toxic Radiance  Pois           20%        N/A       21%         4
 Mephitic Cloud           Conj/Pois/Air  8%         N/A       24%         3


Dungeon Overview and Level Annotations

Branches:
Dungeon (3/15)

Altars:

Shops:
D:3 [

Annotations:
D:3 Ijyb


Innate Abilities, Weirdness & Mutations

Your serpentine skin is tough. (AC +1)
You have supernaturally acute eyesight. (SInv)
Armour fits poorly on your strangely shaped body.
Your system is resistant to poisons. (rPois)
You cover ground very slowly.
You can spit poison.
You have a snake-like lower body.


Message History

The goblin is almost dead.
You kill the goblin!
Found a stone staircase leading up.
Done exploring.
Done exploring.
(D) Dungeon
Where to? (Enter - D:2, ? - help)
What level of the Dungeon? (default 1, ? - help)
There is an open door here.
There is a stone staircase leading down here.
You fly downwards.
Found Mutzut's Antique Armour Emporium.
There is a stone staircase leading up here.
A bat is nearby!
You can't see any susceptible monsters within range! (Use Z to cast anyway.)
There is an entrance to Mutzut's Antique Armour Emporium here.
Ijyb the Twisted Goblin comes into view.
She is wielding a +0 dagger and carrying a wand of iceblast (13).
The helpless bat fails to defend itself.
You impale the bat!!
You kill the bat!
A kobold comes into view. It is wielding a +0 short sword.
Found a plate armour.
Found a stone staircase leading down.
The kobold shouts!
Ijyb shouts!
You see here a bat corpse.
The sting misses Ijyb.
A bat comes into view.
You see here a bat corpse.
Ijyb screams, "It's all mine!"
Ijyb hits you with a +0 dagger.
Ijyb zaps a wand.
The mass of ice explodes!
The iceblast engulfs you!!
There is an entrance to Mutzut's Antique Armour Emporium here.
Ijyb zaps a wand.
The mass of ice explodes!
The iceblast engulfs you!!
* * * LOW HITPOINT WARNING * * *
Unknown command.
Okay, then.
The bat hits you but does no damage. The bat closely misses you.
An adder comes into view.
Ijyb zaps a wand.
The mass of ice explodes!
The iceblast engulfs you!
You die...

# #.#########
#.........#
.b........#######
...........#....#
.>........#.#...#
#.b.....†#..b#..#
#.......#..∩g.#.#
#........#...#@<#
#.........#.#K.##
####+###...#...#
###...### #.###
#S #.


You could see Ijyb, an adder (wandering), a bat and a kobold.

Vanquished Creatures
  Terence (D:2)
  Natasha (twice) (D:2)
  Robin (D:2)
  An adder (D:2)
  2 worms (D:2)
  A dart slug (D:1)
  4 ball pythons (D:1)
  A bat (D:3)
  7 endoplasms
  A giant cockroach (D:1)
  12 goblins
  5 hobgoblins
  4 jackals (D:1)
  5 kobolds
  2 quokkas
  3 frilled lizards
  2 rats (D:1)
54 creatures vanquished.

Notes
Turn   | Place    | Note
-------+----------+-------------------------------------------
     0 | D:1      | horus123 the Naga Venom Mage began the quest for the Orb.
     0 | D:1      | Reached XP level 1. HP: 15/15 MP: 3/3
   365 | D:1      | Reached XP level 2. HP: 14/22 MP: 1/5
   496 | D:1      | HP: 1/22 [endoplasm (2)]
   795 | D:1      | Learned a level 2 spell: Poisonous Vapours
   962 | D:1      | Reached XP level 3. HP: 26/28 MP: 2/7
  1121 | D:1      | Found a faded altar of an unknown god.
  1436 | D:2      | Identified the amulet of Divine Intervention {Faith Fly
                  | rElec Will+ Stlth+}
  1870 | D:2      | Reached skill level 5 in Poison Magic
  1906 | D:2      | Noticed Natasha
  1915 | D:2      | Killed Natasha
  1916 | D:2      | Reached skill level 4 in Stealth
  1916 | D:2      | Reached XP level 4. HP: 29/36 MP: 6/8
  1979 | D:2      | Noticed Robin
  2016 | D:2      | Reached skill level 5 in Stealth
  2029 | D:2      | Killed Robin
  2529 | D:2      | Noticed Terence
  2538 | D:2      | Killed Terence
  2539 | D:2      | Reached skill level 6 in Stealth
  2539 | D:2      | Reached XP level 5. HP: 29/42 MP: 3/9
  2618 | D:2      | Noticed Natasha
  2634 | D:2      | Killed Natasha
  2851 | D:3      | Found Mutzut's Antique Armour Emporium.
  2857 | D:3      | Noticed Ijyb
  2868 | D:3      | Killed from afar by Ijyb

Illustrated notes

Levels and vault maps discovered:
D:1:      nicolae_arrival_memento_mori, layout_rooms, basic_ecumenical_altar
D:2:      layout_basic, uniq_robin, uniq_natasha, uniq_terence
D:3:      layout_basic, lemuel_crystal_altar, serial_shops,
          nicolae_diamond_shop, uniq_ijyb

Skill      XL: |  1  2  3  4 |
---------------+-------------+-----
Spellcasting   | 3 |  3.0
Poison Magic   | 5 |  5.0
Stealth        | 4 6 |  6.7
Dodging        | |  1.5
Transmutations | |  1.0

Action                   |  1- 3 |  4- 6 || total
-------------------------+-------+-------++-------
Melee: Dagger            |    26 |    13 ||    39
       Unarmed           |     2 |       ||     2
       Punch             |     1 |       ||     1
 Cast: Sting             |    38 |    28 ||    66
       Poisonous Vapours |       |     2 ||     2
 Abil: Spit Poison       |     6 |     5 ||    11
  Use: Scroll            |     3 |       ||     3
       Potion            |       |     2 ||     2
 Stab: Sleeping          |     1 |     1 ||     2
Armor: Robe              |     9 |     9 ||    18
Dodge: Dodged            |    22 |    17 ||    39
